Map: Dusk Towers

Players

Miszu - Winner!

  • Race: Terran Terran
  • League: Master

starkiller

  • Race: Zerg Zerg
  • League: Grandmaster

VOD

Have the link to the VOD?

Description

Time

  • Played on: June 29, 2016, 1:56 p.m.
  • Length: 12:33
Show
View Real Time Build Order
Export as new Build Order

Miszu Terran - Winner!

Build Orders:  

Get SALT Encoding   

  12  0:00  SCV  
  13  0:12  SCV  
  14  0:17  Supply Depot  
  14  0:25  SCV  
  15  0:39  SCV  
  15  0:40  Barracks  
  16  0:44  Refinery  
  16  0:51  SCV  
  17  1:03  SCV  
  18  1:15  SCV  
  19  1:27  Marine  
  19  1:31  Orbital Command  
  20  1:45  Marine  
  21  1:50  Command Center  
  21  1:56  SCV  
  22  2:03  Marine  
  22  2:06  Supply Depot  
  23  2:20  Factory  
  23  2:26  Barracks Reactor  
  23  2:27  SCV  
  24  2:30  Refinery  
  24  2:42  SCV  
  25  2:54  SCV  
  26  3:02  Marine x2  
  26  3:04  Starport  
  26  3:05  Factory Reactor  
  28  3:06  SCV, Orbital Command  
  29  3:18  SCV  
  30  3:20  Marine x2  
  32  3:30  SCV  
  33  3:36  SCV  
  33  3:42  SCV  
  33  3:48  Marine, SCV  
  35  3:49  Marine  
  35  3:53  Medivac  
  35  3:54  Medivac, Widow Mine  
  41  3:57  SCV  
  42  4:04  Supply Depot  
  42  4:06  Marine x2  
  42  4:09  Liberator  
  44  4:18  SCV  
  45  4:24  Marine  
  45  4:26  Orbital Command  
  45  4:30  SCV  
  50  4:32  Supply Depot  
  50  4:42  SCV  
  51  4:49  Orbital Command  
  51  4:53  Command Center  
  51  5:00  Liberator x2  
  51  5:16  Marine  
  51  5:17  Marine  
  59  5:24  SCV  
  59  5:27  Factory Tech Lab  
  59  5:28  Orbital Command  
  60  5:34  Supply Depot, Marine  
  61  5:37  SCV  
  62  5:55  Siege Tank, SCV  
  62  5:56  Liberator  
  66  5:58  SCV  
  67  6:07  SCV  
  67  6:10  SCV  
  69  6:14  Orbital Command  
  69  6:18  Barracks  
  72  6:19  Engineering Bay, Barracks, SCV  
  72  6:20  Engineering Bay  
  72  6:23  SCV  
  69  6:31  Siege Tank  
  72  6:34  SCV  
  72  6:35  SCV  
  72  6:36  Refinery  
  72  6:37  Refinery  
  72  6:39  Supply Depot  
  74  6:40  SCV  
  74  6:42  Supply Depot  
  74  6:46  SCV  
  76  6:55  Marine x2  
  78  7:05  SCV x3  
  78  7:08  Barracks Tech Lab x2  
  81  7:09  Terran Infantry Weapons Level 1  
  81  7:13  Marine x2  
  83  7:16  Barracks  
  83  7:17  Barracks, SCV x3  
  85  7:27  Marine  
  86  7:30  Siege Tank  
  86  7:36  Marine x2  
  90  7:39  Marine  
  90  7:41  SCV x3  
  95  7:45  Marine  
  95  7:47  Stimpack, Combat Shields  
  95  7:49  Terran Infantry Armor Level 1  
  96  7:54  Marine, SCV x2  
  96  7:56  SCV  
  97  8:06  SCV  
  97  8:07  SCV  
  97  8:09  Armory  
  97  8:10  Marine  
  101  8:14  Marine  
  101  8:15  Barracks Reactor x2  
  101  8:18  Supply Depot, Marine  
  101  8:19  Supply Depot, SCV x2  
  104  8:26  Marine  
  105  8:27  Supply Depot, Marine  
  105  8:28  Supply Depot, Medivac  
  105  8:29  Medivac  
  109  8:40  Marine, SCV x2, Orbital Command  
  112  8:44  Marine, Marauder  
  112  8:45  Marine  
  112  8:47  Siege Tank  
  119  8:58  Marauder  
  119  8:59  Marine x3  
  119  9:00  Marine  
  119  9:02  Marine  
  123  9:03  Marine  
  123  9:05  Marauder  
  123  9:16  Marine  
  124  9:17  Marine x3  
  124  9:19  Marine  
  124  9:20  Marine, Barracks  
  124  9:21  Marine  
  124  9:22  Barracks  
  124  9:23  Barracks  
  130  9:26  Supply Depot, Marine  
  130  9:27  Supply Depot x2  
  130  9:29  Supply Depot  
  131  9:34  Marine  
  131  9:35  Marine  
  135  9:42  Marine x4  
  135  9:43  Widow Mine  
  145  9:49  SCV x2  
  145  9:52  Marine  
  150  9:55  Terran Infantry Armor Level 2, Terran Infantry Weapons Level 2  
  150  9:56  SCV  
  143  10:01  SCV  
  142  10:08  SCV x2  
  141  10:18  Barracks Tech Lab x2  
  141  10:19  Barracks Reactor, Marine  
  141  10:20  Marauder  
  146  10:21  Marauder  
  146  10:27  Marine x4  
  146  10:28  Marine  
  151  10:29  Supply Depot, Command Center  
  151  10:31  Medivac x2  
  151  10:32  Siege Tank  
  158  10:37  Marine  
  158  10:41  Marauder  
  160  10:50  Marine  
  160  10:51  Marine x5, Marauder x2  
  160  10:55  Marine  
  171  11:00  Marine x2  
  171  11:02  Marine  
  171  11:04  Supply Depot x2  
  174  11:07  Refinery  
  174  11:08  Marine, Refinery, Concussive Shells  
  174  11:09  Marine x4, Marauder  
  174  11:10  Factory  
  181  11:15  Marine x2, Marauder  
  181  11:18  Marine x2  
  185  11:20  Marine  
  188  11:26  Marine x3  
  188  11:27  Marine  
  188  11:29  Marine  
  188  11:31  Marauder  
  195  11:32  Marine  
  195  11:34  Marauder  
  195  11:36  Marine x2  
  171  11:50  Marine, Marauder  
  171  11:52  Marauder  
  151  11:57  Marine, Medivac x2, Siege Tank  
  151  11:58  Marine x7, Marauder  
  168  12:08  Marine  
  168  12:13  Marine  
Show
View Real Time Build Order
Export as new Build Order

starkiller Zerg 

Build Orders: 3 Hatch before Pool 

Get SALT Encoding   

  12  0:01  Drone  
  13  0:13  Overlord  
  13  0:19  Drone  
  14  0:32  Drone x2  
  16  0:35  Drone  
  17  0:48  Drone  
  18  1:00  Hatchery  
  18  1:01  Drone  
  18  1:22  Hatchery  
  17  1:27  Drone  
  18  1:36  Spawning Pool  
  18  1:39  Drone  
  18  1:45  Drone  
  19  1:47  Drone  
  20  1:56  Overlord  
  20  2:13  Drone x2  
  22  2:23  Queen  
  22  2:25  Queen  
  22  2:26  Drone  
  27  2:33  Drone  
  27  2:35  Queen, Drone  
  31  2:41  Zergling x4  
  31  2:43  Zergling x2  
  34  2:46  Extractor  
  34  2:47  Extractor  
  34  2:49  Drone  
  33  2:53  Zergling x2  
  33  2:55  Drone  
  35  3:06  Drone x3  
  38  3:13  Queen  
  38  3:18  Zergling x4  
  42  3:22  Overlord x2  
  38  3:50  Zergling x6  
  39  3:56  Drone x6  
  45  4:11  Lair, Drone  
  45  4:14  Drone  
  45  4:15  Evolution Chamber  
  43  4:17  Roach Warren  
  43  4:18  Evolution Chamber  
  41  4:28  Overlord  
  41  4:29  Drone x3  
  42  4:40  Zerg Missile Weapons Level 1  
  42  4:44  Queen  
  44  4:46  Zerg Ground Armor Level 1  
  44  4:47  Extractor  
  44  4:48  Extractor  
  42  4:58  Drone x6  
  42  4:59  Drone  
  49  5:00  Drone  
  50  5:14  Drone x2  
  50  5:16  Spore Crawler  
  50  5:17  Overlord x2  
  50  5:18  Drone  
  52  5:25  Overlord  
  52  5:28  Overlord  
  52  5:36  Spore Crawler  
  52  5:37  Roach x3  
  52  5:38  Drone  
  52  5:39  Roach  
  52  5:42  Glial Reconstitution  
  60  5:46  Roach  
  60  5:48  Roach  
  64  5:54  Roach  
  66  5:59  Ravager x3  
  64  6:26  Drone x2  
  64  6:27  Drone  
  67  6:33  Drone x3  
  70  6:40  Drone  
  70  6:44  Roach x3  
  70  6:45  Roach x3  
  83  6:48  Drone  
  83  6:49  Spine Crawler  
  83  6:56  Zerg Ground Armor Level 2, Zerg Missile Weapons Level 2  
  83  7:08  Hatchery  
  82  7:13  Overlord  
  82  7:14  Overlord  
  82  7:24  Overlord  
  82  7:25  Overlord x2  
  82  7:35  Drone x7  
  89  7:37  Drone  
  89  7:39  Drone  
  91  7:47  Drone x2  
  91  7:48  Drone x2  
  91  7:49  Drone  
  95  8:04  Hydralisk Den  
  102  8:05  Roach x3  
  102  8:08  Overlord  
  97  8:38  Hydralisk x5  
  97  8:39  Hydralisk  
  97  8:40  Hydralisk, Muscular Augments  
  109  8:46  Extractor  
  100  9:02  Drone x3  
  101  9:03  Drone x2  
  101  9:08  Drone  
  101  9:09  Drone  
  100  9:10  Drone x2  
  100  9:12  Hydralisk  
  100  9:13  Hydralisk  
  105  9:17  Hydralisk  
  105  9:21  Hydralisk  
  105  9:23  Hydralisk  
  111  9:27  Drone x2  
  111  9:28  Drone  
  114  9:34  Hydralisk x2  
  114  9:37  Hydralisk  
  120  9:39  Hydralisk  
  120  9:43  Overlord  
  122  9:47  Overlord  
  122  9:51  Overlord  
  122  9:57  Overlord x2  
  122  10:05  Overlord  
  122  10:07  Roach x5  
  122  10:14  Roach x3  
  138  10:18  Roach x2  
  138  10:20  Roach  
  144  10:24  Roach x2  
  144  10:26  Roach  
  150  10:29  Roach  
  152  10:36  Roach x3  
  152  10:37  Roach  
  152  10:39  Roach  
  158  10:47  Roach x4  
  160  10:50  Ravager x3  
  160  10:51  Ravager  
  160  10:52  Ravager x3  
  160  10:56  Roach  
  169  11:00  Overlord  
  169  11:01  Overlord  
  169  11:09  Overlord x2  
  169  11:18  Hydralisk x2  
  169  11:19  Hydralisk x3  
  169  11:22  Hydralisk  
  173  11:29  Hydralisk x2  
  177  11:33  Hydralisk  
  85  11:54  Ravager  
  85  11:55  Hydralisk x3, Roach x3  
  85  11:56  Roach x3  
  85  12:00  Overseer  
  95  12:02  Roach  
  95  12:03  Hydralisk  
  95  12:05  Hydralisk x2  
  103  12:09  Hydralisk  
  103  12:11  Roach  
Tags
 
Add a new tag
Caveats
  • Supply blocks, unpowered buildings, or Contaminate may cause inaccurate times.
  • Supply counts are checked every 10 seconds.